 Dungeon Crawl Stone Soup version 0.30-a0-867-g305f33218d (webtiles) character file.

Game seed: 10788840671437116750

413 bande the Chopper (level 6, -6/39 HPs)
             Began as a Gargoyle Fighter on Mar 11, 2023.
             Killed from afar by an orc wizard (7 damage)
             ... with a puff of flame
             ... on level 4 of the Dungeon.
             The game lasted 00:06:49 (3350 turns).

bande the Chopper (Gargoyle Fighter)                Turns: 3350, Time: 00:06:51

Health: -6/39      AC: 19    Str: 20    XL:     6   Next: 91%
Magic:  6/6        EV:  9    Int:  8    God:
Gold:   168        SH:  0    Dex: 11    Spells: 5/5 levels left

rFire   . . .      SeeInvis .    a - +1 war axe
rCold   . . .      Faith    .    c - +0 buckler
rNeg    + . .      Spirit   .    b - +0 scale mail
rPois   ∞          Reflect  .    n - +0 helmet
rElec   +          Rampage  .    k - +1 cloak
rCorr   +                        (no gloves)
Will    .....                    (no boots) Stlth
                                 (no amulet)
HPRegen 0.26/turn                h - +4 ring of protection
MPRegen 0.10/turn                m - ring of resist corrosion

@: confused
A: sickness immunity, AC +4, negative energy resistance 1, electricity
resistance, torment resistance 1, petrification resistance
a: no special abilities


You were on level 4 of the Dungeon.
You visited 1 branch of the dungeon, and saw 4 of its levels.

You collected 168 gold pieces.

Inventory:

Hand Weapons
 a - a +1 war axe (weapon)
 o - a +0 flail
Armour
 b - a +0 scale mail (worn)
 c - a +0 buckler (worn)
 k - a +1 cloak (worn)
 n - a +0 helmet (worn)
Jewellery
 f - a ring of fire
 h - a +4 ring of protection (left hand)
 m - a ring of resist corrosion (right hand)
Scrolls
 e - a scroll of amnesia
 s - 2 scrolls of teleportation
Potions
 d - a potion of might
 g - 2 potions of curing
 i - 2 potions of berserk rage {unknown}
 j - a potion of haste {unknown}
 l - 2 potions of mutation {unknown}
 r - a potion of brilliance


   Skills:
 + Level 4.4 Fighting
 + Level 4.8 Axes
 + Level 4.4 Armour
 - Level 0.1 Dodging
 + Level 4.4 Shields


You had 5 spell levels left.
You didn't know any spells.
Your spell library contained the following spells:

 Spells                   Type           Power      Damage    Failure   Level
 Beastly Appendage        Tmut           0%         N/A       83%         1
 Freeze                   Ice            0%         1d3       83%         1
 Wereblood                Tmut           0%         N/A       93%         2
 Frozen Ramparts          Ice            0%         1d1       99%         3
 Hailstorm                Conj/Ice       0%         3d3       99%         3
 Spider Form              Tmut/Pois      0%         N/A       99%         3
 Dispel Undead            Necr           0%         3d6       100%        4
 Petrify                  Tmut/Erth      0%         N/A       100%        4
 Metabolic Englaciation   Hex/Ice        0%         N/A       100%        5
 Death Channel            Necr           0%         N/A       100%        6
 Cigotuvi's Dreadful Rot  Necr/Pois/Air  Unusable   N/A       N/A         2
 Statue Form              Tmut/Erth      Unusable   N/A       N/A         6

Dungeon Overview and Level Annotations

Branches:
Dungeon (4/15)
 Temple: D:4-7

Altars:
Ashenzari
Sif Muna


Innate Abilities, Weirdness & Mutations

You are immune to sickness and miasma.
Your stone body is resilient. (AC +4)
You are immune to poison.
You resist negative energy. (rN+)
You are resistant to electric shocks. (rElec)
You are resistant to unholy torment.
You are immune to petrification.


Message History

Beogh smites you!
You completely miss something. You miss the orc priest.
Something hits you but does no damage. The orc priest hits you with a +0 club.
Unknown command.
You bump into the stone wall.
The orc wizard casts a spell at you. You resist with some effort.
The orc priest mumbles some strange prayers to Beogh against you.
Beogh smites you!
You hear some strange, mumbled words.
A magic dart appears from out of thin air!
The magic dart hits you but does no damage.
The orc priest attacks as you move away!
The orc priest barely misses you.
You hear some strange, mumbled words.
You are more confused.
You miss something. You hit the orc wizard. You miss the orc priest.
You hear some strange, mumbled words.
A magic dart appears from out of thin air!
The magic dart hits you but does no damage.
Unknown command.
You slash the orc!
You kill the orc!
You closely miss something. You closely miss the orc wizard.
You slash the orc priest!
The orc wizard points at you and mumbles some strange words.
You are more confused.
The orc priest hits you but does no damage.
You hear some strange, mumbled words.
You are more confused.
You hear some strange, mumbled words.
A magic dart appears from out of thin air!
The magic dart hits you but does no damage.
The orc priest mumbles some strange prayers to Beogh against you.
Beogh smites you!
* * * LOW HITPOINT WARNING * * *
You hear some strange, mumbled words.
A puff of flame appears from out of thin air!
The puff of flame hits you!
You die...

#...).)#.. #.....#
#.#...#### #.....#
#.#...#... #.....#
#.#...#._. ##.....#
#.....#... #....#.#
#.#...####
#######....#.###.#....#..
.......)o.............##.
.......{@.#..###.......##
##....{o....# #.##.#....
#8..8##....# #. #......
#.... #....###.####.###
##..# #......#......###
#... #......#####.....
##.. #.......#.##..... ..
#.........##..... ##.
#.........##...#.


You could see an orc priest and an orc wizard.

Vanquished Creatures
  A black bear (D:2)
  Blork the orc (D:4)
  An orc wizard (D:3)
  Jessica (D:3)
  5 adders
  7 gnolls
  2 worms (D:2)
  2 dart slugs (D:1)
  4 orcs
  9 bats
  4 endoplasms
  5 giant cockroaches
  8 goblins
  5 hobgoblins
  6 jackals
  11 kobolds
  3 quokkas
  5 ball pythons
  2 frilled lizards
  6 rats
88 creatures vanquished.

Vanquished Creatures (others)
  2 plants (D:3)
2 creatures vanquished.

Grand Total: 90 creatures vanquished

Notes
Turn   | Place    | Note
-------+----------+-------------------------------------------
     0 | D:1      | bande the Gargoyle Fighter began the quest for the Orb.
     0 | D:1      | Reached XP level 1. HP: 14/14 MP: 1/1
    86 | D:1      | Reached XP level 2. HP: 13/19 MP: 2/2
   422 | D:1      | Reached XP level 3. HP: 23/23 MP: 3/3
  1045 | D:2      | Identified the +1 ring mail of Ewyunlo {Str+9}
  1124 | D:2      | Reached XP level 4. HP: 29/29 MP: 4/4
  1436 | D:3      | Noticed a black bear
  1452 | D:2      | Killed a black bear
  1453 | D:2      | Reached XP level 5. HP: 16/33 MP: 5/5
  1823 | D:3      | Reached XP level 6. HP: 38/38 MP: 6/6
  2192 | D:3      | Noticed Jessica
  2207 | D:3      | Killed Jessica
  2221 | D:3      | Found a shimmering blue altar of Sif Muna.
  2953 | D:4      | Noticed Blork the orc
  2963 | D:4      | Killed Blork the orc
  3060 | D:4      | Found a broken altar of Ashenzari.
  3350 | D:4      | HP: 1/39 [orc priest/divine providence (14)]
  3350 | D:4      | Killed from afar by an orc wizard

Illustrated notes

Levels and vault maps discovered:
D:1:      wander_arrival_estate, layout_loops_ring,
          kennysheep_decorative_pillar, chequers_serial_rivers_large_a
D:2:      layout_rooms, chequers_serial_rivers_marsh, st_stairs_8
D:3:      layout_rooms, tgw_sif, nicolae_grassy_gnolls
D:4:      layout_basic, nicolae_ashenzari_skybound, minitemple,
          amcnicky_mini_corridor_feature, uniq_blork_the_orc, uniq_sigmund

Skill      XL: |  1  2  3  4  5 |
---------------+----------------+-----
Axes           | 2 3 4 |  4.8
Fighting       | 4 |  4.4
Armour         | 4 |  4.4
Shields        | 4 |  4.4
Dodging        | |  0.1

Action                     |  1- 3 |  4- 6 || total
---------------------------+-------+-------++-------
  Melee: War axe           |   131 |   151 ||   282
    Use: Scroll            |     4 |     7 ||    11
 Armour: Scale mail        |    88 |   112 ||   200
  Dodge: Dodged            |    83 |    73 ||   156
  Block: Buckler           |    41 |    40 ||    81

Table legend: (Time is in decaauts)
 A = Elapsed time spent in this place.
 B = Non-inter-level travel time spent in this place.
 C = Inter-level travel time spent in this place.
 D = Time resting spent in this place.
 E = Time spent auto-exploring this place.
 F = Levels seen in this place.
 G = Mean time per level.
                   A        B        C        D        E       F      G
               +--------+--------+--------+--------+--------+-----+--------+
         Total |   3491 |   3420 |     71 |    878 |   1696 |   4 |  872.8 |
       Dungeon |   3491 |   3420 |     71 |    878 |   1696 |   4 |  872.8 |
               +--------+--------+--------+--------+--------+-----+--------+

Top non-repeatable levels by time:
     D:3: 1171 daAuts
     D:2: 979 daAuts
     D:1: 850 daAuts
     D:4: 491 daAuts
